 Dungeon Crawl Stone Soup version 0.31-a0-1-g4198be8af4 (webtiles) character file.

Game seed: 8465101604567399639

70 sircluck the Magician (level 4, -1/24 HPs)
             Began as a Tengu Hedge Wizard on May 2, 2023.
             Blown up by Ijyb (6 damage)
             ... with a mindburst bolt
             ... on level 2 of the Dungeon.
             The game lasted 00:04:18 (2513 turns).

sircluck the Magician (Tengu Hedge Wizard)          Turns: 2513, Time: 00:04:18

Health: -1/24      AC:  2    Str: 11    XL:     4   Next: 22%
Magic:  10/10      EV: 12    Int: 16    God:
Gold:   78         SH:  0    Dex: 13    Spells: 5/10 levels left

rFire   . . .        a - +0 dagger
rCold   . . .        (no shield)
rNeg    . . .        b - +0 robe
rPois   .            c - +0 hat
rElec   .            (no cloak)
rCorr   .            (no gloves)
SInv    .            (boots unavailable)
Will    .....        (no amulet)
Stlth   ++           (no ring)
HPRegen 0.24/turn    (no ring)
MPRegen 0.12/turn

%: no passive effects
@: no status effects
A: beak, talons 3
a: no special abilities


You were on level 2 of the Dungeon.
You visited 1 branch of the dungeon, and saw 3 of its levels.

You collected 78 gold pieces.

Inventory:

Hand Weapons
 a - a +0 dagger (weapon)
Missiles
 j - 11 poisoned darts
 o - 6 stones
Armour
 b - a +0 robe (worn)
 c - a +0 hat (worn)
Scrolls
 e - a scroll of amnesia {unknown}
 f - 3 scrolls of brand weapon {unknown}
 h - a scroll of vulnerability {unknown}
 k - 3 scrolls of teleportation {unknown}
 m - a scroll of poison {unknown}
 n - a scroll of fog {unknown}
 q - a scroll of identify {unknown}
Potions
 d - a potion of magic
 g - a potion of ambrosia {unknown}
 i - a potion of curing {unknown}
 l - a potion of lignification {unknown}
 p - 2 potions of brilliance {unknown}
 r - 2 potions of mutation {unknown}
 s - a potion of haste {unknown}


   Skills:
 + Level 0.9 Short Blades
 + Level 2.8 Dodging
 + Level 2.2 Stealth
 + Level 3.8 Spellcasting
 + Level 2.5 Conjurations
 + Level 1.2 Summonings
 + Level 0.7 Translocations


You had 5 spell levels left.
You knew the following spells:

 Your Spells              Type           Power      Damage    Failure   Level
a - Magic Dart            Conj           44%        1d5       6%          1
b - Mephitic Cloud        Conj/Pois/Air  5%         N/A       36%         3
c - Slow                  Hex            12%        N/A       17%         1

Your spell library contained the following spells:

 Spells                   Type           Power      Damage    Failure   Level
 Shock                    Conj/Air       28%        1d4       10%         1
 Call Imp                 Summ           14%        N/A       16%         2
 Blink                    Tloc           10%        N/A       19%         2
 Cigotuvi's Dreadful Rot  Necr/Pois/Air  6%         N/A       26%         2
 Swiftness                Air            3%         N/A       45%         3
 Airstrike                Air            1%         2d(1-17)  86%         4


Dungeon Overview and Level Annotations

Branches:
Dungeon (3/15)

Altars:
Vehumet

Shops:
D:1 ?[=

Annotations:
D:2 Ijyb


Innate Abilities, Weirdness & Mutations

You have a beak for a mouth.
You have claws for feet.


Message History

Magic restored.
You start resting.
HP restored.
Done exploring.
You closely miss Ijyb. You claw Ijyb, but do no damage.
You peck Ijyb, but do no damage. You punch Ijyb, but do no damage.
Ijyb barely misses you.
You hit Ijyb but do no damage. Your kick misses Ijyb. You peck Ijyb.
Ijyb is lightly wounded.
Ijyb hits you with a +0 club.
You hit Ijyb but do no damage. Your kick misses Ijyb.
Ijyb is lightly wounded.
Ijyb hits you with a +0 club.
You hit Ijyb but do no damage. You claw Ijyb.
Ijyb is lightly wounded.
Ijyb screams, "I cut your head off!" Ijyb hits you with a +0 club.
You barely miss Ijyb. Your peck misses Ijyb.
Ijyb is lightly wounded.
Ijyb barely misses you.
You closely miss Ijyb. Your peck misses Ijyb.
Ijyb is lightly wounded.
Ijyb closely misses you.
You hit Ijyb but do no damage.
Ijyb is lightly wounded.
Ijyb barely misses you.
You barely miss Ijyb. You peck Ijyb, but do no damage.
Ijyb is lightly wounded.
Ijyb hits you with a +0 club.
You hit Ijyb. Your kick misses Ijyb.
Ijyb is lightly wounded.
Ijyb misses you.
You hit Ijyb. You claw Ijyb. You peck Ijyb.
Ijyb is moderately wounded.
Ijyb zaps a wand.
Your mind is blasted!
* * * LOW HITPOINT WARNING * * *
You hit Ijyb but do no damage.
Ijyb is moderately wounded.
Ijyb zaps a wand.
Your mind is blasted!
You die...

#.....# #.# #.....#### #.#
#.....)..# #.# #.....##.# #.#
##...###.####.#### ########
########.#.......# #.>.....
..............##.# #.#####.
###..##..#.#####.#########.#####.
#......#.##...@.............##.
#.....##......g#########.##.##.
#..#####.<......## #.##....
#.........#..#.#.# #.......
##.#######.#....#.# ########
#...# #.##.#>#.# ### #...#
#.###...## #.. #...# #......##
####### #.# ##...###########.##
#.....# ##.#


You could see Ijyb.

Vanquished Creatures
  An adder (D:2)
  2 worms (D:2)
  A dart slug (D:1)
  3 bats
  6 endoplasms
  3 giant cockroaches
  8 goblins
  3 hobgoblins
  2 jackals (D:1)
  6 quokkas
  3 ball pythons
  3 frilled lizards
  2 kobolds (D:2)
  3 rats
46 creatures vanquished.

Notes
Turn   | Place    | Note
-------+----------+-------------------------------------------
     0 | D:1      | sircluck the Tengu Hedge Wizard began the quest for the
                  | Orb.
     0 | D:1      | Reached XP level 1. HP: 10/10 MP: 5/5
   106 | D:1      | Reached XP level 2. HP: 13/15 MP: 7/7
   140 | D:1      | Found Fyanopon's Antique Armour Shoppe.
   445 | D:1      | Found Roxerua's Jewellery Emporium.
   559 | D:1      | Reached XP level 3. HP: 19/19 MP: 6/9
   835 | D:1      | Learned a level 3 spell: Mephitic Cloud
   837 | D:1      | Learned a level 1 spell: Slow
   929 | D:1      | You fall into a shaft and drop 1 floor!
  1032 | D:2      | Found a radiant altar of Vehumet.
  1244 | D:2      | Reached XP level 4. HP: 24/24 MP: 0/10
  1955 | D:1      | Found Recymp's Magic Scroll Emporium.
  2390 | D:3      | Noticed Ijyb
  2513 | D:2      | Blown up by Ijyb

Illustrated notes

Levels and vault maps discovered:
D:1:      dpeg_arrival_connections, layout_basic, serial_shops,
          nicolae_shop_trees, nicolae_shop_trees, nicolae_shop_hallway_plus,
          serial_bayou_crossing
D:2:      layout_loops_cross, basic_altar, kennysheep_generic_room_16
D:3:      layout_loops_corners, uniq_sigmund, uniq_crazy_yiuf_cottage, uniq_ijyb

Skill      XL: |  1  2  3 |
---------------+----------+-----
Conjurations   | 2 |  2.5
Short Blades   | |  0.9
Dodging        | |  2.8
Stealth        | |  2.2
Spellcasting   | |  3.8
Summonings     | |  1.2
Translocations | |  0.7

Action                     |  1- 3 |  4- 6 || total
---------------------------+-------+-------++-------
  Melee: Dagger            |    67 |    11 ||    78
         Peck              |    10 |     4 ||    14
         Kick              |    12 |     3 ||    15
         Punch             |     1 |     1 ||     2
   Cast: Magic Dart        |    67 |    20 ||    87
         Mephitic Cloud    |     1 |     1 ||     2
 Armour: Robe              |    15 |       ||    15
  Dodge: Dodged            |    50 |     9 ||    59

Table legend: (Time is in decaauts)
 A = Elapsed time spent in this place.
 B = Non-inter-level travel time spent in this place.
 C = Inter-level travel time spent in this place.
 D = Time resting spent in this place.
 E = Time spent auto-exploring this place.
 F = Levels seen in this place.
 G = Mean time per level.
                   A        B        C        D        E       F      G
               +--------+--------+--------+--------+--------+-----+--------+
         Total |   2518 |   2324 |    194 |     66 |   1800 |   3 |  839.3 |
       Dungeon |   2518 |   2324 |    194 |     66 |   1800 |   3 |  839.3 |
               +--------+--------+--------+--------+--------+-----+--------+

Top non-repeatable levels by time:
     D:1: 1261 daAuts
     D:2: 1250 daAuts
     D:3: 6 daAuts
